 Dungeon Crawl Stone Soup version 0.28-a0-268-g3f656e82c2 (webtiles) character file.

Game seed: 6906131777607566726

35 PentaManta the Chopper (level 3, -1/31 HPs)
             Began as a Ghoul Berserker on Aug 28, 2021.
             Was a Believer of Trog.
             Slain by a goblin (2 damage)
             ... led by Robin
             ... on level 2 of the Dungeon.
             The game lasted 00:02:28 (1068 turns).

PentaManta the Chopper (Ghoul Berserker)            Turns: 1068, Time: 00:02:28

Health: -1/31      AC:  3    Str: 20    XL:     3   Next: 33%
Magic:  2/2        EV: 11    Int:  3    God:    Trog [**....]
Gold:   35         SH:  0    Dex:  8    Spells: 2/2 levels left

rFire   . . .      SeeInvis .   a - +0 hand axe
rCold   + . .      Faith    .   (no shield)
rNeg    + + +      Spirit   .   d - +0 leather armour
rPois   ∞          Reflect  .   (no helmet)
rElec   .          Harm     .   (no cloak)
rCorr   .          Rampage  .   (no gloves)
Will    .....                   (no boots)
Stlth   +.........              (no amulet)
HPRegen 0.00/turn               (no ring)
MPRegen 0.08/turn               (no ring)

@: inhibited regen
A: claws 1, cold resistance 1, negative energy resistance 3, inhibited
regeneration, torment resistance 2
a: Renounce Religion, Trog's Hand


You were on level 2 of the Dungeon.
You worshipped Trog.
Trog was pleased with you.
You visited 1 branch of the dungeon, and saw 2 of its levels.

You collected 35 gold pieces.

Inventory:

Hand Weapons
 a - a +0 hand axe (weapon)
Armour
 b - a +0 animal skin
 d - a +0 leather armour (worn)
Jewellery
 i - a +4 ring of protection
Scrolls
 c - 2 scrolls of identify {unknown}
 e - a scroll of immolation {unknown}
 f - a scroll of torment {unknown}
 g - a scroll of magic mapping {unknown}
 h - a scroll of amnesia {unknown}
 k - a scroll of noise {unknown}
Potions
 j - a potion of attraction {unknown}


   Skills:
 - Level 3.2 Fighting
 + Level 3.9 Axes
 - Level 1.7 Armour
 - Level 1.7 Dodging


You had 2 spell levels left.
You didn't know any spells.
Your spell library was empty.

Dungeon Overview and Level Annotations

Branches:
Dungeon (2/15)

Altars:

Shops:
D:1 :

Annotations:
D:2 Robin


Innate Abilities, Weirdness & Mutations

You thrive by killing the living.
You are immune to poison.
You have sharp fingernails.
Your flesh is cold resistant. (rC+)
You are immune to negative energy. (rN+++)
You do not regenerate when monsters are visible.
You are immune to unholy pain and torment.


Message History

Robin throws the goblin at you! The goblin hits you but does no damage.
The goblin closely misses you.
You closely miss the goblin. You hit the goblin.
You kill the goblin!
Trog accepts your kill.
You feel better.
You closely miss the goblin.
The goblin unwields a +0 hunting sling.
The goblin wields a +0 club.
The goblin barely misses you.
A goblin comes into view. It is wielding a +0 dagger.
The goblin hits you with a +0 club.
You closely miss the goblin. You barely miss the goblin. You hit the goblin.
The goblin hits you with a +0 club. x2; The goblin closely misses you.
You hit the goblin.
You kill the goblin!
Trog accepts your kill.
You feel better.
You closely miss the goblin. You hit the goblin.
You kill the goblin!
Trog accepts your kill.
You feel better.
You hit the goblin. The goblin hits you with a +0 dagger.
The goblin closely misses you. Robin throws the goblin at you!
You closely miss the goblin. You hit the goblin but do no damage.
You closely miss the goblin. The goblin hits you with a +0 dagger.
The goblin completely misses you. The goblin hits you with a +0 club.
The goblin hits you but does no damage.
You closely miss the goblin. x2; You completely miss the goblin.
The goblin barely misses you. The goblin hits you with a +0 club.
* * * LOW HITPOINT WARNING * * *
The goblin hits you with a +0 dagger.
* * * LOW HITPOINT WARNING * * *
You barely miss the goblin. You hit the goblin.
You kill the goblin!
Trog accepts your kill.
You hit Robin but do no damage. You closely miss the goblin.
The goblin no longer looks unusually strong.
The goblin closely misses you. Robin closely misses you.
The goblin unwields a +0 dagger.
The goblin wields a +0 hunting sling.
The goblin shoots a stone.
The stone hits you.
* * * LOW HITPOINT WARNING * * *
The goblin hits you with a +0 club.
You die...

#.# ##..## #.#. #.#
#..... ...# #.# #...#.
#... #.# #..... ... #.#
#..### #..###.# #.....
#..g##.# #...#. #g.##.#
#...#. #g@##.# #...#.
##g##.# #...#. #..#.#
#...#. #..#.# #...#.
#######..#.# #...#.
...........# #.....
#######..###########..##
#.>.............#
###############.#


You could see Robin and 3 goblins.

Vanquished Creatures
  A dart slug (D:2)
  2 ball pythons
  2 bats (D:1)
  3 endoplasms (D:1)
  A giant cockroach (D:1)
  8 goblins
  3 hobgoblins
  3 kobolds (D:2)
  A quokka (D:1)
  3 frilled lizards (D:1)
  2 rats
29 creatures vanquished.

Vanquished Creatures (others)
  2 fungi (D:1)
2 creatures vanquished.

Grand Total: 31 creatures vanquished

Notes
Turn   | Place    | Note
-------+----------+-------------------------------------------
     0 | D:1      | PentaManta the Ghoul Berserker began the quest for the Orb.
     0 | D:1      | Reached XP level 1. HP: 19/19 MP: 0/0
   245 | D:1      | Reached XP level 2. HP: 26/26 MP: 1/1
   254 | D:1      | Found Qataf's Book Emporium.
   511 | D:1      | Found a faded altar of an unknown god.
   942 | D:2      | Reached XP level 3. HP: 31/31 MP: 2/2
  1056 | D:2      | Noticed Robin
  1062 | D:2      | Reached ** piety under Trog
  1068 | D:2      | HP: 1/31 [goblin/stone[Robin] (4)]
  1068 | D:2      | Slain by a goblin

Illustrated notes

Levels and vault maps discovered:
D:1:      heliophobic_arrival_battle_scene, layout_rooms,
          shapermc_ecumenical_altar_hornbeckon, serial_shops,
          nicolae_diamond_shop
D:2:      layout_basic, serial_shops, nicolae_shop_crystal,
          minmay_misc_feat_roman, interstate_on_off, uniq_robin, uniq_sigmund

Skill      XL: |  1 |
---------------+----+-----
Axes           | 3 |  3.9
Fighting       | |  3.2
Armour         | |  1.7
Dodging        | |  1.7

Action                   || total
-------------------------++-------
Melee: Hand axe          ||    78
Armor: Leather armour    ||    20
Dodge: Dodged            ||    65

Table legend: (Time is in decaauts)
 A = Elapsed time spent in this place.
 B = Non-inter-level travel time spent in this place.
 C = Inter-level travel time spent in this place.
 D = Time resting spent in this place.
 E = Time spent auto-exploring this place.
 F = Levels seen in this place.
 G = Mean time per level.
                   A        B        C        D        E       F      G
               +--------+--------+--------+--------+--------+-----+--------+
         Total |   1084 |   1081 |      3 |      0 |    879 |   2 |  542.0 |
       Dungeon |   1084 |   1081 |      3 |      0 |    879 |   2 |  542.0 |
               +--------+--------+--------+--------+--------+-----+--------+

Top non-repeatable levels by time:
     D:1: 730 daAuts
     D:2: 353 daAuts
